 Dungeon Crawl Stone Soup version 0.22.1-5-g62c59d919a (webtiles) character file.

64 NochnoyZador the Sneak (level 4, -4/29 HPs)
             Began as an Octopode Assassin on Jan 12, 2019.
             Killed by nerve-wracking pain
             ... invoked by Jessica
              (11 damage)
             ... on level 2 of the Dungeon.
             The game lasted 00:05:41 (1500 turns).

NochnoyZador the Sneak (Octopode Assassin)          Turns: 1500, Time: 00:05:41

Health: -4/29      AC:  1    Str: 11    XL:     4   Next: 12%
Magic:  4/4        EV: 13    Int: 13    God:
Gold:   50         SH:  0    Dex: 13    Spells: 3/3 levels left

rFire    . . .     SeeInvis .   a - +2 dagger
rCold    . . .     Gourm    .   (no shield)
rNeg     . . .     Faith    .   (helmet restricted)
rPois    .         Spirit   .   (no amulet)
rElec    .         Reflect  .   (no ring)
rCorr    .         Harm     .   (no ring)
MR       .....                  (no ring)
Stlth    ++++......             (no ring)
HPRegen  0.09/turn              (no ring)
MPRegen  0.09/turn              (no ring)
                                (no ring)
                                (no ring)

@: no status effects
A: almost no armour, stealthy swim, amphibious, 8 rings, constrict 8, camouflage
1, gelatinous body 1
a: no special abilities


You were on level 2 of the Dungeon.
You were not hungry.

You visited 1 branch of the dungeon, and saw 2 of its levels.

You collected 50 gold pieces.

Inventory:

Hand Weapons
 a - a +2 dagger (weapon)
 b - a +0 blowgun
Missiles
 c - 8 poisoned needles
 d - 2 curare-tipped needles
 g - 108 stones (quivered)
 n - 56 sling bullets
Jewellery
 m - an uncursed ring of ice {unknown}
Scrolls
 e - a scroll of magic mapping {unknown}
 i - a scroll of teleportation {unknown}
 k - 2 scrolls of identify {unknown}
 l - a scroll of remove curse {unknown}
Potions
 j - a potion of cancellation {unknown}
 o - a potion of might {unknown}
Comestibles
 f - a ration
 h - 4 chunks of flesh


   Skills:
 - Level 2.0 Fighting
 * Level 4.3 Short Blades
 - Level 2.0 Throwing
 - Level 1.0 Dodging
 - Level 5.3 Stealth


You had 3 spell levels left.
You didn't know any spells.
Your spell library was empty.

Dungeon Overview and Level Annotations

Branches:
Dungeon (2/15)

Altars:
Elyvilon

Annotations:
D:2 Jessica


Innate Abilities, Weirdness & Mutations

You cannot wear most types of armour.
You are very stealthy in the water. (Stealth+)
You are amphibious.
You can wear up to eight rings at the same time.
You can use your tentacles to constrict eight enemies at once.
Your skin changes colour to match your surroundings (Stealth+).
Your rubbery body absorbs attacks. (AC +1, EV +1)


Message History

You constrict the dart slug. You hit the dart slug but do no damage.
You squeeze the dart slug.
The dart slug is almost dead.
You constrict the dart slug.
You kill the dart slug!
No target in view!
g - 108 stones (gained 21) Jessica the Apprentice Sorceress comes into view.
She is wielding a dagger.
A kobold comes into view. It is wielding a short sword.
A frilled lizard and a goblin come into view.
Jessica shouts!
The kobold shouts!
The frilled lizard hisses angrily.
Jessica casts a spell at you. Pain shoots through your body!
* * * LOW HITPOINT WARNING * * *
The goblin shouts!
You are too injured to fight recklessly!
You are too injured to fight recklessly!
Jessica gestures at you while chanting. Pain shoots through your body!
You die...

### #.......# #.......#
#.......# #.......#
#.......#
#.......##########
##.................
#.............@....
#.........@...Kg...
#.....#.....#...l..
#####..............
#.#.⌠.⌠.#......
#.....)........
#.#.....#......
###########...._.........
............#.....#.....
####...............


You could see Jessica, a goblin, a kobold and a frilled lizard.

Vanquished Creatures
  An adder (D:2)
  An ooze (D:1)
  A dart slug (D:2)
  A leopard gecko (D:1)
  3 orcs (D:2)
  5 bats (D:1)
  4 giant cockroaches
  8 hobgoblins
  3 jackals (D:2)
  3 frilled lizards (D:1)
  5 goblins
  3 kobolds (D:1)
  2 rats
40 creatures vanquished.

Notes
Turn   | Place    | Note
-------+----------+-------------------------------------------
     0 | D:1      | NochnoyZador the Octopode Assassin began the quest for the
                  | Orb.
     0 | D:1      | Reached XP level 1. HP: 14/14 MP: 1/1
   494 | D:1      | Reached XP level 2. HP: 19/19 MP: 2/2
   749 | D:1      | Reached XP level 3. HP: 24/24 MP: 3/3
  1402 | D:2      | Reached XP level 4. HP: 23/29 MP: 4/4
  1461 | D:2      | Found a white marble altar of Elyvilon.
  1495 | D:2      | Noticed Jessica
  1500 | D:2      | Killed from afar by Jessica

Skill      XL: |  1  2  3 |
---------------+----------+-----
Short Blades   | 3 4 |  4.3
Fighting       | |  2.0
Throwing       | |  2.0
Dodging        | |  1.0
Stealth        | |  5.3

Action                   |  1- 3 |  4- 6 || total
-------------------------+-------+-------++-------
Melee: Dagger            |    67 |    13 ||    80
       Constrict         |    15 |     4 ||    19
       Tentacles         |     8 |     2 ||    10
 Stab: Sleeping          |    18 |       ||    18
  Eat: Chunk             |     1 |     1 ||     2
Armor: Skin              |     4 |       ||     4
Dodge: Dodged            |    33 |     7 ||    40
